Map: 黄金墙-天梯版

Players

iGXiGua (XiGua) - Winner!

  • Race: Zerg Zerg

正义的泉水沟 (BreakingGG)

  • Race: Zerg Zerg
  • League: Master

Event: DreamHack SC2 Masters 2020 Summer China

VOD

Have the link to the VOD?

Description

Time

  • Played on: July 1, 2020, 8:35 a.m.
  • Length: 9:43

All games in this series

Show
View Real Time Build Order
Export as new Build Order

iGXiGua Zerg - Winner!

Build Orders: Hatch First 

Get SALT Encoding   

  12  0:00  Drone  
  13  0:12  Overlord  
  13  0:17  Drone  
  14  0:30  Drone x2  
  16  0:48  Hatchery  
  15  0:51  Drone  
  15  0:55  Drone  
  17  1:10  Spawning Pool  
  16  1:14  Drone  
  16  1:16  Extractor  
  16  1:19  Drone  
  16  1:22  Drone  
  18  1:28  Drone  
  19  1:39  Overlord  
  19  1:53  Drone  
  20  1:57  Queen  
  20  2:00  Queen  
  24  2:01  Drone  
  24  2:02  Zergling x2  
  26  2:11  Drone  
  26  2:12  Drone  
  28  2:23  Drone x2  
  30  2:40  Queen  
  30  2:42  Drone  
  30  2:43  Lair, Overlord  
  33  2:45  Drone x2  
  35  2:54  Drone  
  35  2:59  Overlord  
  35  3:06  Evolution Chamber, Drone x5  
  35  3:10  Drone  
  35  3:12  Drone  
  41  3:15  Overlord  
  41  3:23  Roach Warren  
  41  3:25  Drone  
  41  3:28  Drone  
  41  3:30  Drone  
  41  3:33  Extractor  
  41  3:34  Zerg Missile Weapons Level 1, Extractor  
  41  3:37  Drone  
  41  3:38  Drone  
  43  3:41  Overseer  
  43  3:42  Drone  
  43  3:46  Evolution Chamber, Drone  
  43  3:48  Drone  
  45  3:50  Drone  
  45  3:52  Drone  
  47  3:59  Overlord  
  47  4:00  Drone  
  48  4:05  Glial Reconstitution  
  48  4:12  Roach x2  
  48  4:13  Roach x2  
  56  4:25  Hatchery  
  56  4:26  Roach  
  57  4:33  Overlord  
  57  4:34  Roach x2  
  61  4:42  Roach x3  
  67  4:49  Overlord x2  
  67  4:54  Roach x3  
  67  4:57  Overlord  
  73  5:04  Overseer, Roach  
  73  5:06  Overlord  
  75  5:14  Roach x3  
  81  5:21  Roach x3  
  87  5:24  Overlord  
  87  5:29  Zerg Missile Weapons Level 2  
  87  5:35  Roach  
  87  5:36  Roach  
  87  5:39  Drone x3  
  87  5:40  Drone  
  87  5:42  Drone  
  86  5:47  Drone  
  86  5:49  Drone  
  88  5:51  Drone x3  
  91  5:58  Roach x2, Extractor  
  91  6:01  Roach  
  96  6:05  Ravager  
  96  6:06  Ravager  
  96  6:07  Roach  
  96  6:09  Roach x2  
  103  6:17  Roach  
  104  6:19  Roach x2  
  104  6:23  Roach  
  110  6:26  Drone x3  
  110  6:29  Overlord  
  110  6:31  Overlord  
  113  6:35  Overlord  
  111  6:46  Drone x6  
  111  6:47  Drone  
  118  6:49  Roach  
  118  6:50  Roach x2  
  122  6:57  Roach  
  122  6:58  Roach x2  
  128  7:06  Ravager x4  
  128  7:08  Roach  
  134  7:09  Overlord x2  
  134  7:12  Overlord  
  134  7:14  Roach x2  
  138  7:19  Overlord x2  
  138  7:21  Overlord  
  137  7:32  Roach x6  
  155  7:44  Roach x5  
  153  7:56  Roach x5  
  157  8:01  Roach x3  
  161  8:10  Roach x5  
  167  8:14  Roach x2  
  167  8:17  Overlord  
  161  8:30  Roach x4  
  161  8:32  Roach x2  
  150  8:37  Roach  
  150  8:38  Queen  
  141  8:41  Roach  
  141  8:46  Roach x2  
  147  8:57  Roach x3  
  153  9:04  Roach  
  153  9:05  Roach  
  153  9:07  Hatchery  
  158  9:10  Roach x4  
  158  9:15  Roach x2  
  142  9:21  Roach x2  
Show
View Real Time Build Order
Export as new Build Order

正义的泉水沟 Zerg 

Build Orders: Hatch First 

Get SALT Encoding   

  12  0:00  Drone  
  13  0:07  Drone  
  14  0:17  Overlord  
  14  0:22  Extractor  
  14  0:23  Drone  
  15  0:35  Drone  
  16  0:48  Hatchery  
  15  0:52  Drone  
  15  0:56  Drone  
  17  0:58  Drone  
  18  1:09  Extractor  
  17  1:14  Spawning Pool  
  17  1:16  Drone  
  17  1:20  Drone  
  18  1:27  Drone  
  19  1:39  Drone  
  20  1:48  Drone  
  21  2:01  Queen x2  
  21  2:02  Zergling x2  
  21  2:03  Overlord  
  26  2:10  Drone  
  26  2:12  Drone  
  28  2:22  Drone  
  29  2:23  Drone  
  30  2:31  Drone  
  30  2:36  Queen  
  31  2:44  Overlord  
  33  2:45  Drone x2  
  35  2:53  Evolution Chamber  
  35  2:54  Drone  
  35  2:56  Roach Warren  
  34  3:04  Drone  
  34  3:05  Drone x2  
  37  3:09  Drone x3  
  40  3:13  Drone x2  
  40  3:16  Lair  
  40  3:18  Extractor  
  41  3:20  Zerg Missile Weapons Level 1  
  41  3:24  Overlord  
  41  3:29  Drone x2  
  43  3:38  Overlord  
  43  3:41  Drone  
  44  3:44  Drone x2, Extractor  
  44  3:46  Drone x3  
  48  3:49  Overlord  
  48  3:50  Drone  
  49  3:56  Overlord  
  49  3:59  Drone x2, Extractor  
  50  4:11  Drone  
  53  4:17  Glial Reconstitution, Roach  
  53  4:19  Overseer  
  53  4:22  Drone x2  
  53  4:23  Roach x3  
  61  4:29  Roach x3  
  67  4:32  Overseer  
  67  4:35  Overlord  
  67  4:37  Roach  
  69  4:45  Roach x2  
  73  4:52  Hatchery  
  72  4:55  Roach  
  72  4:57  Roach x2  
  78  5:08  Roach x3  
  78  5:11  Overlord  
  84  5:15  Zerg Missile Weapons Level 2  
  84  5:17  Overlord  
  84  5:21  Overlord  
  84  5:27  Overlord  
  84  5:32  Roach  
  84  5:33  Roach x2  
  84  5:35  Roach  
  92  5:39  Overlord  
  90  5:42  Ravager  
  90  5:43  Ravager x2  
  90  5:45  Roach  
  90  5:49  Roach x2  
  98  5:54  Ravager  
  99  5:58  Roach x2  
  99  5:59  Roach  
  105  6:05  Roach x3  
  105  6:09  Drone  
  112  6:14  Roach x3  
  112  6:17  Drone x2  
  120  6:22  Ravager  
  120  6:24  Overlord  
  120  6:25  Roach  
  123  6:28  Roach  
  125  6:35  Roach  
  125  6:36  Roach  
  125  6:37  Overlord  
  125  6:39  Overlord  
  129  6:42  Drone, Overlord  
  129  6:46  Overlord  
  130  6:49  Roach  
  132  6:57  Roach x2  
  132  6:58  Roach x2  
  137  7:02  Roach  
  137  7:03  Roach x2  
  139  7:11  Overlord  
  139  7:13  Drone x5  
  139  7:15  Ravager x2  
  146  7:21  Roach x3  
  152  7:27  Roach  
  152  7:28  Roach x2  
  148  7:52  Roach x9  
  148  7:57  Overlord  
  163  8:03  Roach  
  163  8:04  Roach x3  
  167  8:13  Drone  
  138  8:32  Roach x9  
  123  8:35  Roach  
  104  8:46  Roach x2  
  104  8:47  Roach x6  
  116  8:53  Roach  
  118  8:56  Roach  
  118  8:59  Ravager  
  108  9:13  Roach x5  
  108  9:15  Roach  
  94  9:21  Roach  
  94  9:22  Roach x4  
Tags
 
Add a new tag
Caveats
  • Supply blocks, unpowered buildings, or Contaminate may cause inaccurate times.
  • Supply counts are checked every 10 seconds.